 Dungeon Crawl Stone Soup version 0.31-a0-865-g3d5d91748a (webtiles) character file.

Game seed: 18361427430134422384

408 Darius099 the Cleaver (level 6, 0/52 HPs)
             Began as a Minotaur Fighter on Oct 11, 2023.
             Asphyxiated
             ... in a sewer.
             The game lasted 00:06:40 (2153 turns).

Darius099 the Cleaver (Minotaur Fighter)            Turns: 2153, Time: 00:06:41

Health: 0/52       AC: 12    Str: 22    XL:     6   Next: 57%
Magic:  5/5        EV:  8    Int:  5    God:
Gold:   151        SH:  4    Dex: 10    Spells: 5/5 levels left

rFire   . . .        a - +0 war axe
rCold   . . .        c - +0 buckler
rNeg    . . .        m - +0 chain mail
rPois   .            (helmet restricted)
rElec   .            (no cloak)
rCorr   .            (no gloves)
SInv    .            s - +2 pair of boots
Will    .....        (no amulet) Stlth
                     h - +4 ring of slaying
HPRegen 0.28/turn    (no ring)
MPRegen 0.09/turn

%: no passive effects
@: brilliant, lethally poisoned (0 -> -10), slowed, very slow
A: horns 2, retaliatory headbutt
a: no special abilities


You were in a sewer.
You visited 1 branch of the dungeon, and saw 4 of its levels.
You also visited: Sewer.

You collected 151 gold pieces.

Inventory:

Hand Weapons
 a - a +0 war axe (weapon)
Armour
 c - a +0 buckler (worn)
 m - a +0 chain mail (worn)
 s - a +2 pair of boots (worn)
Jewellery
 h - a +4 ring of slaying (left hand)
Wands
 n - a wand of polymorph (12)
Scrolls
 b - 2 scrolls of noise {unknown}
 f - 3 scrolls of poison {unknown}
 i - 5 scrolls of identify {unknown}
 k - 2 scrolls of fog {unknown}
 p - a scroll of revelation {unknown}
 q - a scroll of vulnerability {unknown}
Potions
 d - a potion of might
 e - a potion of degeneration {unknown}
 g - a potion of curing
 j - a potion of brilliance
 l - a potion of lignification {unknown}
 o - a potion of heal wounds
 r - a potion of mutation {unknown}


   Skills:
 - Level 4.0 Fighting
 + Level 8.1 Axes
 - Level 4.0 Armour
 - Level 3.9 Shields


You had 5 spell levels left.
You didn't know any spells.
Your spell library contained the following spells:

 Spells                   Type           Power      Damage    Failure   Level
 Cigotuvi's Dreadful Rot  Necr/Pois/Air  0%         N/A       99%         2
 Call Canine Familiar     Summ           0%         N/A       100%        3
 Sigil of Binding         Hex            0%         N/A       100%        3
 Dimensional Bullseye     Hex/Tloc       0%         N/A       100%        4
 Dispel Undead            Necr           0%         3d6       100%        4
 Leda's Liquefaction      Hex/Erth       0%         N/A       100%        4
 Death Channel            Necr           0%         N/A       100%        6


Dungeon Overview and Level Annotations

Branches:
Dungeon (4/15)              Sewer (1/1)
 Temple: D:4-7

Altars:
Uskayaw


Innate Abilities, Weirdness & Mutations

You have a pair of horns on your head.
You reflexively headbutt those who attack you in melee.


Message History

You are too injured to fight recklessly!
You are too injured to fight recklessly!
You are too injured to fight recklessly!
Unknown command.
You are too injured to fight recklessly!
You closely miss the kobold brigand. You hit the kobold brigand.
* * * LOW HITPOINT WARNING * * *
You feel very sick. The kobold brigand barely misses you.
The kobold brigand hits you with a +0 dagger.
* * * LOW HITPOINT WARNING * * *
The kobold brigand splashes around in the water.
It was a potion of brilliance.
You feel clever all of a sudden.
* * * LOW HITPOINT WARNING * * *
You feel very sick.
The kobold brigand hits you but does no damage.
The kobold brigand barely misses you.
The kobold brigand hits you but does no damage.
The kobold brigand splashes around in the water.
It was a potion of heal wounds.
You feel much better.
You feel very sick.
The kobold brigand hits you with a +0 short sword.
* * * LOW HITPOINT WARNING * * *
The kobold brigand hits you with a +0 dagger.
* * * LOW HITPOINT WARNING * * *
It was a potion of curing.
You feel better.
The kobold brigand splashes around in the water.
The kobold brigand hits you but does no damage.
The kobold brigand hits you with a +0 short sword.
* * * LOW HITPOINT WARNING * * *
The kobold brigand hits you with a +0 dagger.
* * * LOW HITPOINT WARNING * * *
You enter the shallow water.
Moving in this stuff is going to be slow.
The kobold brigand throws a curare-tipped dart.
The curare-tipped dart hits you.
You are lethally poisoned!
You have difficulty breathing.
You die...

## ######
#. .#.#.#
#~ ~#~#~#
#~ ~#~#~#
#K#K#)#~#
#~.~#.~~#
##@###~##
#~# #.#
#~###.#
#~.~~~#
##~~~##
#.~~# ~~
#.~~#
.~.#
#.~.##
#.~.#
#.~~~##
#~.~~#


You could see 2 kobold brigands.

Vanquished Creatures
  An ogre (D:4)
  A kobold brigand (Sewer)
  Jessica (D:2)
  Natasha (thrice) (D:2)
  5 adders
  2 river rats (D:4)
  A worm (D:3)
  2 dart slugs (D:4)
  4 orcs (D:3)
  4 endoplasms
  5 giant cockroaches
  6 goblins
  6 hobgoblins
  10 jackals
  10 kobolds
  3 quokkas
  8 ball pythons
  5 bats
  3 frilled lizards
  8 rats
88 creatures vanquished.

Notes
Turn   | Place    | Note
-------+----------+-------------------------------------------
     0 | D:1      | Darius099 the Minotaur Fighter began the quest for the Orb.
     0 | D:1      | Reached XP level 1. HP: 19/19 MP: 0/0
   207 | D:1      | Reached XP level 2. HP: 27/27 MP: 1/1
   498 | D:1      | Reached skill level 3 in Axes
   704 | D:2      | Noticed Natasha
   710 | D:2      | Killed Natasha
   711 | D:2      | Reached XP level 3. HP: 21/33 MP: 2/2
   720 | D:2      | Reached skill level 4 in Axes
   791 | D:2      | Noticed Jessica
   802 | D:2      | Reached XP level 4. HP: 40/40 MP: 3/3
   808 | D:2      | Killed Jessica
   809 | D:2      | Reached skill level 5 in Axes
   945 | D:2      | Noticed Natasha
   951 | D:2      | Killed Natasha
   954 | D:2      | Noticed Natasha
   981 | D:2      | Reached XP level 5. HP: 35/46 MP: 4/4
   984 | D:2      | Killed Natasha
   985 | D:2      | Reached skill level 6 in Axes
  1745 | D:3      | Found a hide-covered altar of Uskayaw.
  1745 | D:3      | Noticed a +0 falchion
  1745 | D:3      | Noticed a +0 short sword
  1746 | D:3      | Noticed a +0 spear
  1747 | D:3      | Noticed a +0 dagger
  1747 | D:3      | Noticed a +0 spear
  1747 | D:3      | Noticed a +0 short sword
  1748 | D:3      | Noticed a +0 dagger
  1749 | D:3      | Noticed a +0 falchion
  1960 | D:4      | Noticed an ogre
  1968 | D:4      | Killed an ogre
  1969 | D:4      | Reached skill level 7 in Axes
  1969 | D:4      | Reached XP level 6. HP: 38/52 MP: 5/5
  2060 | D:4      | Found a glowing drain.
  2067 | Sewer    | Entered a sewer
  2102 | Sewer    | Reached skill level 8 in Axes
  2153 | Sewer    | Asphyxiated

Illustrated notes

Levels and vault maps discovered:
D:1:      ebering_hopf_link, layout_basic
D:2:      layout_basic, ebering_dispersal_statue_hall, dk_noncrumbling_4,
          grunt_ministairs_13, uniq_jessica, uniq_natasha
D:3:      layout_rooms, nicolae_uskayaw_en_pointe
D:4:      layout_cave_pools, lemuel_crystal_altar, portal_sewer_entry_e,
          enter_ossuary_5
Sewer:    sewer_co_tree

Skill      XL: |  1  2  3  4  5  6 |
---------------+-------------------+-----
Fighting       | 4 |  4.0
Armour         | 4 |  4.0
Axes           | 3 4 5 7 8 |  8.1
Shields        | |  3.9

Action                     |  1- 3 |  4- 6 || total
---------------------------+-------+-------++-------
  Melee: War axe           |    66 |    94 ||   160
         Headbutt          |     7 |    16 ||    23
    Use: Potion            |       |     3 ||     3
 Armour: Scale mail        |    44 |       ||    44
         Chain mail        |     8 |    70 ||    78
         Skin              |       |    45 ||    45
  Dodge: Dodged            |    22 |    62 ||    84
  Block: Buckler           |    18 |    20 ||    38

Table legend: (Time is in decaauts)
 A = Elapsed time spent in this place.
 B = Non-inter-level travel time spent in this place.
 C = Inter-level travel time spent in this place.
 D = Time resting spent in this place.
 E = Time spent auto-exploring this place.
 F = Levels seen in this place.
 G = Mean time per level.
                   A        B        C        D        E       F      G
               +--------+--------+--------+--------+--------+-----+--------+
         Total |   2274 |   2233 |     41 |    159 |   1121 |   5 |  454.8 |
       Dungeon |   2169 |   2128 |     41 |    159 |   1043 |   4 |  542.2 |
         Sewer |    105 |    105 |      0 |      0 |     78 |   1 |  105.0 |
               +--------+--------+--------+--------+--------+-----+--------+

Top non-repeatable levels by time:
     D:2: 808 daAuts
     D:1: 680 daAuts
     D:3: 527 daAuts
     D:4: 152 daAuts
   Sewer: 105 daAuts
